 Dungeon Crawl Stone Soup version 0.30.0-29-ga12c61a403 (webtiles) character file.

Game seed: 546797417662619864

275 LustLizard the Gusty (level 6, -1/39 HPs)
             Began as an Octopode Air Elementalist on June 24, 2023.
             Slain by an orc wizard
             ... wielding a +0 dagger
              (3 damage)
             ... on level 4 of the Dungeon.
             The game lasted 00:05:59 (3892 turns).

LustLizard the Gusty (Octopode Air Elementalist)    Turns: 3892, Time: 00:06:00

Health: -1/39      AC:  1    Str:  9    XL:     6   Next: 24%
Magic:  0/10       EV: 13    Int: 17    God:
Gold:   145        SH:  0    Dex: 13    Spells: 5/11 levels left

rFire   . . .        (no weapon)
rCold   . . .        (no shield)
rNeg    . . .        (helmet restricted)
rPois   .            l - amulet of regeneration
rElec   .            (no ring)
rCorr   .            (no ring)
SInv    .            (no ring)
Will    .....        (no ring)
Stlth   ++++         (no ring)
HPRegen 1.06/turn    (no ring)
MPRegen 0.12/turn    (no ring)
                     (no ring)

%: no passive effects
@: no status effects
A: almost no armour, amphibious, 8 rings, camouflage 1, gelatinous body 1,
(nimble swimmer 1), tentacles, evolution 1
a: no special abilities


You were on level 4 of the Dungeon.
You visited 1 branch of the dungeon, and saw 4 of its levels.

You collected 145 gold pieces.

Inventory:

Jewellery
 k - an amulet of the acrobat
 l - an amulet of regeneration (around mantle)
Scrolls
 b - 2 scrolls of fog {unknown}
 c - a scroll of magic mapping {unknown}
 d - a scroll of identify
 f - a scroll of vulnerability {unknown}
 j - a scroll of enchant armour {unknown}
Potions
 a - a potion of magic
 e - a potion of curing {unknown}
 g - a potion of resistance {unknown}
 h - a potion of mutation
 i - a potion of lignification {unknown}


   Skills:
 + Level 2.1 Fighting
 - Level 2.0 Dodging
 + Level 4.4 Stealth
 + Level 3.0 Spellcasting
 + Level 2.4 Conjurations
 * Level 4.6 Air Magic


You had 5 spell levels left.
You knew the following spells:

 Your Spells              Type           Power      Damage    Failure   Level
a - Shock                 Conj/Air       56%        1d6       4%          1
b - Static Discharge      Conj/Air       28%        2-4/arc   6%          2
c - Swiftness             Air            18%        N/A       8%          3

Your spell library contained the following spells:

 Spells                   Type           Power      Damage    Failure   Level
 Vhi's Electric Charge    Tloc/Air       20%        N/A       21%         3
 Airstrike                Air            9%         2d(2-18)  26%         4
 Dazzling Flash           Conj/Hex       12%        N/A       32%         3
 Volatile Blastmotes      Fire/Tloc      4%         2d10      45%         3
 Iskenderun's Mystic Bla  Conj/Tloc      6%         2d4       71%         4
 Arcjolt                  Conj/Air       7%         1d17      75%         5
 Starburst                Conj/Fire      3%         6d3       100%        6
 Maxwell's Capacitive Co  Air            9%         ∞         100%        8


Dungeon Overview and Level Annotations

Branches:
Dungeon (4/15)
 Temple: D:4-7

Altars:
Makhleb
Uskayaw


Innate Abilities, Weirdness & Mutations

You cannot wear most types of armour.
You are amphibious.
You can wear up to eight rings at the same time.
Your skin changes colour to match your surroundings (Stealth+).
Your rubbery body absorbs attacks. (AC +1, EV +1)
((You are camouflaged when in or above water. (Stealth+)))
You have tentacles for arms and can constrict up to eight enemies at once.
You have hidden genetic potential.


Message History

The magic dart hits you.
You miss something.
You hear some strange, mumbled words.
Something tries to affect you, but you resist.
You barely miss something. Something hits you.
Aiming: Shock (safe; 4% risk of failure)
Press: ? - help, Q - select action, (/) - cycle Shift-Dir - straight line The zap hits the orc.
You kill the orc!
Something hits you.
Aiming: Shock (safe; 4% risk of failure)
Press: ? - help, Q - select action, (/) - cycle Shift-Dir - straight line, f - you That beam is likely to hit you.
Continue anyway? [Y]es or [N]o only, please.
That beam is likely to hit you.
Continue anyway?
Okay, then.
Aiming: Shock (safe; 4% risk of failure)
Press: ? - help, Q - select action, (/) - cycle Shift-Dir - straight line You miscast Shock.
You are very lightly contaminated with residual magic.
Nothing appears to happen.
Something hits you.
* * * LOW HITPOINT WARNING * * *
You tentacle-slap something. Something hits you.
* * * LOW HITPOINT WARNING * * *
You closely miss something. Something hits you.
* * * LOW HITPOINT WARNING * * *
You closely miss something. Your squeeze misses something. Something hits you.
* * * LOW HITPOINT WARNING * * *
It was a potion of mutation.
You feel extremely strange.
You feel a hidden potential growing inside you.
Something barely misses you.
You tentacle-slap something but do no damage.
Your squeeze misses something. Something hits you.
* * * LOW HITPOINT WARNING * * *
You miss something. Something hits you.
* * * LOW HITPOINT WARNING * * *
Your magical contamination has completely faded away.
You miss something. Something hits you.
You die...

#.##>.......##
####.#########÷##.######..##.
...............##.#######....
........................<....
.........######.############.
†........# ##.# # .........#
###..# .........# #...##
....l^†<.# #@### #.....####
#{# ###.#.......)# #.
#.o....$# ........# ..#)....#
# #...... #...... #......


There were no monsters in sight!

Vanquished Creatures
  2 orc priests
  2 iguanas (D:4)
  An orc wizard (D:4)
  3 gnolls (D:2)
  An adder (D:2)
  A worm (D:4)
  3 dart slugs
  16 orcs
  2 bats
  6 endoplasms
  4 giant cockroaches
  6 goblins
  8 hobgoblins
  6 quokkas
  4 ball pythons
  2 frilled lizards (D:1)
  7 kobolds
  2 rats
76 creatures vanquished.

Notes
Turn   | Place    | Note
-------+----------+-------------------------------------------
     0 | D:1      | LustLizard the Octopode Air Elementalist began the quest
                  | for the Orb.
     0 | D:1      | Reached XP level 1. HP: 11/11 MP: 3/3
   181 | D:1      | Reached XP level 2. HP: 17/17 MP: 3/5
   722 | D:1      | Reached XP level 3. HP: 22/22 MP: 1/6
  1004 | D:2      | Reached skill level 1 in Fighting
  1294 | D:2      | Found a burning altar of Makhleb.
  1548 | D:2      | Reached XP level 4. HP: 28/28 MP: 1/7
  1901 | D:3      | Learned a level 2 spell: Static Discharge
  1905 | D:3      | Learned a level 3 spell: Swiftness
  3286 | D:3      | Reached XP level 5. HP: 14/34 MP: 0/9
  3638 | D:4      | Noticed a +0 dagger
  3638 | D:4      | Noticed a +0 hand axe
  3640 | D:4      | Found a hide-covered altar of Uskayaw.
  3683 | D:4      | Reached XP level 6. HP: 37/39 MP: 1/10
  3889 | D:4      | Gained mutation: You have hidden genetic potential. [potion
                  | of mutation]
  3891 | D:4      | HP: 1/39 [something (2)]
  3892 | D:4      | Slain by an orc wizard

Illustrated notes

Levels and vault maps discovered:
D:1:      amcnicky_arrival_choice, layout_loops_ring, minmay_cut_off
D:2:      layout_basic, basic_altar, grunt_ministairs_7
D:3:      layout_basic
D:4:      cheibrodos_pilgrimage, layout_rooms, nicolae_overflow_hidden_temple,
          dancing_weapons_uskayaw

Skill      XL: |  1  2  3  4  5  6 |
---------------+-------------------+-----
Stealth        | 3 4 |  4.4
Fighting       | 1 2 |  2.1
Air Magic      | 4 |  4.6
Conjurations   | 2 |  2.4
Spellcasting   | 3 |  3.0
Dodging        | |  2.0

Action                     |  1- 3 |  4- 6 || total
---------------------------+-------+-------++-------
  Melee: Unarmed           |    20 |    66 ||    86
         Tentacles         |     6 |    14 ||    20
         Constrict         |     3 |    11 ||    14
         Punch             |     1 |       ||     1
   Cast: Shock             |    69 |   106 ||   175
         Static Discharge  |       |     7 ||     7
    Use: Scroll            |     1 |       ||     1
         Potion            |       |     2 ||     2
   Stab: Sleeping          |     1 |       ||     1
 Armour: Skin              |     1 |     4 ||     5
  Dodge: Dodged            |    22 |    27 ||    49
